 Dungeon Crawl Stone Soup version 0.21-a0-496-g696f58f537 (webtiles) character file.

93 Eonwe the Slasher (level 4, -2/45 HPs)
             Began as a Minotaur Berserker on Nov 24, 2017.
             Was a Priest of Trog.
             Killed from afar by Ijyb (20 damage)
             ... with a wand of acid (7)
             ... on level 3 of the Dungeon.
             The game lasted 00:06:26 (2002 turns).

Eonwe the Slasher (Minotaur Berserker)              Turns: 2002, Time: 00:06:27

Health: -2/45      AC: 11    Str: 23 (25) XL:     4   Next: 36%
Magic:  3/3        EV:  7    Int:  1 (4)  God:    Trog [***...]
Gold:   111        SH:  0    Dex:  8 (9)  Spells: 3/3 levels left

rFire    . . .     SeeInvis .   a - +2 falchion
rCold    . . .     Gourm    .   (no shield)
rNeg     . . .     Faith    .   m - +1 plate armour {rPois}
rPois    +         Spirit   .   (helmet restricted)
rElec    .         Reflect  .   (no cloak)
rCorr    .         Harm     .   d - +2 pair of gloves
MR       ++...                  (no boots)
Stlth    ..........             (no amulet)
HPRegen  0.15/turn              f - ring of protection from magic
MPRegen  0.08/turn              h - ring of protection from magic

@: corroded
A: retaliatory headbutt, horns 2, robust 1, strong 1, evolution 1
a: Berserk, Trog's Hand, Burn Spellbooks, Renounce Religion


You were on level 3 of the Dungeon.
You worshipped Trog.
Trog was most pleased with you.
You were not hungry.

You visited 1 branch of the dungeon, and saw 3 of its levels.

You collected 111 gold pieces.

Inventory:

Hand Weapons
 a - a +2 falchion (weapon)
Armour
 b - a +1 animal skin
 d - a +2 pair of gloves (worn)
 g - a +0 large shield
 m - a +1 plate armour of poison resistance (worn)
Jewellery
 f - a ring of protection from magic (left hand)
 h - a ring of protection from magic (right hand)
Scrolls
 e - a scroll of magic mapping {unknown}
 j - a scroll of enchant weapon
Comestibles
 c - 3 bread rations


   Skills:
 + Level 4.5 Fighting
 * Level 5.0 Long Blades
 * Level 2.6 Armour
 + Level 2.8 Dodging
 - Level 0.3 Stealth


You had 3 spell levels left.
You didn't know any spells.

Dungeon Overview and Level Annotations

Branches:
Dungeon (3/15)

Altars:
Gozag
Yredelemnul

Annotations:
D:3 Ijyb


Innate Abilities, Weirdness & Mutations

You reflexively headbutt those who attack you in melee.
You have a pair of horns on your head.
You are robust. (+10% HP)
Your muscles are strong. (Str +2)
You evolve.


Message History

Ijyb is moderately wounded.
Ijyb screams, "Me kill you!"
Ijyb zaps a wand.
The bolt of acid hits you! The acid corrodes you!
You are splashed with acid!
The acid burns!
It is a wand of acid (7).
Your plate armour prevents you from hitting Ijyb.
You headbutt Ijyb, but do no damage.
Ijyb is moderately wounded.
Ijyb drinks a potion.
Ijyb seems to speed up.
Your plate armour prevents you from hitting Ijyb.
Ijyb is moderately wounded.
Ijyb hits you but does no damage. The leopard gecko closely misses you.
Ijyb completely misses you.
You riposte.
You closely miss Ijyb. Your headbutt misses Ijyb.
Ijyb is moderately wounded.
You hit Ijyb but do no damage.
Ijyb is moderately wounded.
The leopard gecko bites you but does no damage.
Ijyb hits you but does no damage. The leopard gecko barely misses you.
Ijyb zaps a wand.
The bolt of acid hits you!
You die...

#.# #... ######.# ...[...
#......# ..##...
#......### . ####
#........# ..# #.
#....?.#.# ..# #.
#......#.# ...# #.
#.....g#.#######...####.
.......l@................
#..####.#..(........#.##.
. ..................#.##<
(........÷.†......#....
#.####.##..........####.
. #.##.########## ##
#.##.# ###### # .. #.#
#....# # #
#.###....#######


You could see Ijyb and a leopard gecko.

Vanquished Creatures
  An adder (D:3)
  A worm (D:2)
  2 dart slugs (D:1)
  An orc (D:3)
  2 ball pythons
  6 giant cockroaches
  7 goblins
  11 hobgoblins
  6 jackals
  9 kobolds
  A quokka (D:2)
  10 bats
  A frilled lizard (D:2)
  2 gnoll zombies (D:2)
  7 rats
67 creatures vanquished.

Notes
Turn   | Place    | Note
-------+----------+-------------------------------------------
     0 | D:1      | Eonwe the Minotaur Berserker began the quest for the Orb.
     0 | D:1      | Reached XP level 1. HP: 19/19 MP: 0/0
   113 | D:1      | Reached skill level 4 in Long Blades
   113 | D:1      | Reached XP level 2. HP: 25/27 MP: 1/1
   335 | D:1      | Reached ** piety under Trog
   469 | D:1      | Reached XP level 3. HP: 33/33 MP: 2/2
   883 | D:2      | Gained mutation: You evolve. [potion of mutation]
   883 | D:2      | Gained mutation: You are robust. (+10% HP) [potion of mutation]
   883 | D:2      | Gained mutation: Your muscles are strong. (Str +2) [potion of mutation]
   964 | D:2      | Found an opulent altar of Gozag.
  1531 | D:2      | Reached *** piety under Trog
  1536 | D:2      | Found a basalt altar of Yredelemnul.
  1761 | D:3      | Reached XP level 4. HP: 45/45 MP: 3/3
  1849 | D:3      | Reached skill level 5 in Long Blades
  1994 | D:3      | Noticed Ijyb
  2002 | D:3      | Killed from afar by Ijyb

Vault maps used:
D:1:      saegor_arrival_under_anarchy
D:2:      grunt_gozag_breadcrumbs, lemuel_zombie_altar_yredelemnul,
          hangedman_feature_mirror
D:3:      uniq_ijyb

Skill      XL: |  1  2  3  4 |
---------------+-------------+-----
Long Blades    | 4 5 |  5.0
Fighting       | 4 |  4.5
Armour         | |  2.6
Dodging        | |  2.8
Stealth        | |  0.3

Action                   |  1- 3 |  4- 6 || total
-------------------------+-------+-------++-------
Melee: Falchion          |   101 |    22 ||   123
       Headbutt          |     9 |     6 ||    15
  Use: Scroll            |     5 |     3 ||     8
       Potion            |     3 |     1 ||     4
 Stab: Sleeping          |     1 |       ||     1
  Eat: Chunk             |     2 |     2 ||     4
Armor: Animal skin       |    23 |     6 ||    29
       Plate armour      |       |    11 ||    11
Dodge: Dodged            |    73 |    18 ||    91
       Rpst.: Falchion   |    19 |     7 ||    26

Table legend:
 A = Spawn XP
 B = Non-spawn XP
 C = Spawn XP percentage of total XP
 D = Spawn monster count
 E = Non-spawn monster count
 F = Spawn count percentage of total count
 G = Total turns spent on level
                    A         B        C        D         E        F      G
               +---------+---------+-------+---------+---------+-------+---------
         Total |       0 |     133 |   0.0 |       0 |      67 |   0.0 |  2002
               +---------+---------+-------+---------+---------+-------+---------
           D:1 |       0 |      45 |   0.0 |       0 |      25 |   0.0 |   852
           D:2 |       0 |      46 |   0.0 |       0 |      25 |   0.0 |   902
           D:3 |       0 |      42 |   0.0 |       0 |      17 |   0.0 |   248
               +---------+---------+-------+---------+---------+-------+---------
